Map: Ulrena

Players

Miszu - Winner!

  • Race: Terran Terran
  • League: Master

prabuty

  • Race: Protoss Protoss
  • League: Master

VOD

Have the link to the VOD?

Description

Time

  • Played on: April 30, 2016, 5:22 p.m.
  • Length: 10:58
Show
View Real Time Build Order
Export as new Build Order

Miszu Terran - Winner!

Build Orders: MMM Bio 

Get SALT Encoding   

  12  0:00  SCV  
  13  0:12  SCV  
  14  0:18  Supply Depot  
  14  0:24  SCV  
  15  0:39  SCV  
  15  0:40  Barracks  
  16  0:51  SCV  
  17  1:03  SCV  
  18  1:15  Command Center  
  18  1:27  Marine  
  18  1:29  Orbital Command  
  19  1:40  Supply Depot  
  19  1:45  Marine  
  20  1:53  Barracks  
  20  1:55  SCV  
  21  2:03  Marine  
  22  2:09  Barracks  
  22  2:12  SCV  
  23  2:23  Bunker  
  23  2:24  SCV  
  23  2:28  Orbital Command  
  24  2:36  Marine  
  25  2:41  Marine, SCV  
  26  2:50  Refinery x2  
  26  2:54  Marine  
  26  2:55  SCV  
  28  2:59  Marine  
  28  3:08  SCV  
  28  3:10  SCV  
  30  3:14  Marine  
  30  3:17  Marine  
  30  3:18  Marine  
  33  3:20  SCV  
  33  3:22  SCV  
  35  3:32  Marine  
  35  3:33  Engineering Bay  
  36  3:37  SCV  
  36  3:39  Marine  
  36  3:41  Barracks Tech Lab  
  38  3:43  SCV  
  39  3:49  SCV  
  39  3:53  Marine  
  39  3:55  SCV  
  41  4:00  Missile Turret  
  41  4:02  SCV, Stimpack  
  42  4:07  SCV  
  42  4:09  Missile Turret  
  43  4:14  SCV  
  44  4:19  SCV  
  45  4:26  SCV  
  46  4:39  Factory  
  46  4:42  Supply Depot  
  46  4:44  Terran Infantry Weapons Level 1  
  46  4:47  Supply Depot, Barracks Reactor, Barracks Tech Lab, SCV  
  46  4:50  Refinery  
  46  5:02  Barracks x2  
  46  5:03  Marine, SCV x2  
  46  5:04  Supply Depot  
  49  5:09  Bunker  
  49  5:10  Marauder  
  51  5:16  SCV x2  
  53  5:26  Starport, Factory Reactor  
  53  5:27  Supply Depot  
  53  5:28  SCV x2  
  55  5:30  Marine  
  56  5:40  SCV x2  
  56  5:41  Marauder  
  60  5:47  Refinery  
  60  5:48  Supply Depot  
  60  5:50  Supply Depot, Barracks Reactor  
  60  5:51  Barracks Tech Lab  
  60  5:52  SCV x2  
  60  5:54  Marine x2  
  60  5:55  Marine  
  64  6:04  Starport, SCV x2  
  64  6:09  Medivac x2  
  64  6:10  Marine  
  64  6:11  Marine, Factory Reactor  
  71  6:13  Marine  
  71  6:14  Marine x2  
  71  6:17  Marine  
  75  6:28  Marine  
  75  6:30  Marine  
  76  6:38  Marine x4  
  77  6:44  Viking x2  
  77  6:46  Marine  
  82  6:48  Marine  
  82  6:55  Marine  
  82  6:56  Marine  
  82  6:59  Marine x2  
  82  7:00  Viking x2  
  89  7:06  Marine  
  83  7:10  Combat Shields  
  83  7:13  Marine  
  83  7:14  Marine  
  86  7:15  Supply Depot  
  86  7:16  Supply Depot  
  86  7:17  Marine  
  86  7:21  Viking  
  88  7:22  Viking  
  89  7:36  Viking x2  
  81  7:51  Viking  
  72  8:05  Marine  
  64  8:10  Marine  
  64  8:11  Marine x4, Medivac x2  
  52  8:20  SCV x2  
  52  8:23  Marine  
  54  8:28  Marine  
  54  8:29  Marine x2, Marauder x2  
  54  8:32  SCV  
  54  8:33  SCV  
  63  8:40  Marine  
  64  8:44  SCV  
  64  8:45  SCV  
  64  8:46  Marine  
  64  8:47  Marauder  
  65  8:53  Marauder  
  64  8:57  SCV x2  
  64  8:59  Marauder  
  66  9:03  Concussive Shells  
  66  9:09  Marine x2, SCV x2  
  70  9:13  Marine  
  71  9:21  SCV x2  
  71  9:23  Marauder  
  75  9:28  Marine, Marauder x2  
  80  9:33  SCV x2  
  82  9:45  SCV x2  
  80  9:46  Marauder  
  80  9:50  Marine x4, Marauder  
  80  9:51  Medivac  
  90  9:55  Medivac  
  90  9:57  SCV  
  93  10:07  Marine x2  
  93  10:08  Marine x3  
  93  10:11  Marine  
  97  10:21  Viking  
  97  10:22  SCV  
  97  10:25  Marine x2  
  97  10:26  Marine x2, Marauder  
  106  10:29  Marauder  
Show
View Real Time Build Order
Export as new Build Order

prabuty Protoss 

Build Orders: Oracle Opening 

Get SALT Encoding   

  12  0:02  Probe (Chrono Boost)  
  13  0:13  Probe (Chrono Boost)  
  14  0:21  Pylon  
  14  0:23  Probe (Chrono Boost)  
  15  0:39  Probe (Chrono Boost)  
  15  0:40  Gateway  
  16  0:43  Assimilator  
  17  0:50  Probe (Chrono Boost)  
  17  0:51  Assimilator  
  17  1:00  Probe (Chrono Boost)  
  18  1:11  Probe (Chrono Boost)  
  19  1:19  Pylon  
  19  1:21  Probe (Chrono Boost)  
  20  1:27  Cybernetics Core, Zealot  
  22  1:35  Probe (Chrono Boost)  
  23  1:45  Probe (Chrono Boost)  
  24  1:56  Probe (Chrono Boost)  
  25  2:03  Stalker (Chrono Boost)  
  25  2:07  Mothership Core (Chrono Boost)  
  29  2:16  Warp Gate  
  29  2:29  Pylon  
  29  2:32  Pylon  
  28  2:41  Probe (Chrono Boost)  
  27  2:46  Stargate  
  27  2:52  Probe (Chrono Boost)  
  27  2:55  Nexus  
  28  3:03  Probe (Chrono Boost)  
  27  3:13  Probe (Chrono Boost)  
  27  3:14  Pylon  
  28  3:24  Probe (Chrono Boost)  
  29  3:31  Oracle (Chrono Boost)  
  32  3:35  Probe  
  33  3:46  Stalker  
  33  3:47  Probe  
  36  3:59  Fleet Beacon, Probe (Chrono Boost)  
  37  4:11  Probe (Chrono Boost)  
  37  4:14  Gateway  
  38  4:18  Gateway  
  38  4:23  Probe x2 (Chrono Boost)  
  40  4:33  Probe (Chrono Boost)  
  40  4:34  Probe (Chrono Boost)  
  39  4:44  Probe (Chrono Boost)  
  39  4:45  Tempest (Chrono Boost)  
  44  4:48  Probe  
  44  4:51  Gateway  
  45  4:55  Probe  
  45  4:58  Probe  
  46  5:02  Twilight Council  
  46  5:06  Assimilator  
  47  5:07  Probe  
  47  5:08  Assimilator  
  47  5:11  Pylon  
  48  5:15  Pylon  
  48  5:20  Probe  
  49  5:27  Tempest (Chrono Boost)  
  49  5:34  Probe x2  
  55  5:44  Blink (Chrono Boost)  
  55  6:00  Probe  
  56  6:04  Gateway  
  56  6:06  Gateway  
  56  6:07  Tempest  
  60  6:21  Probe  
  61  6:32  Probe  
  62  6:40  Stalker  
  62  6:42  Stalker x2  
  62  6:43  Stalker  
  70  6:51  Probe  
  69  6:58  Pylon  
  69  7:00  Pylon  
  67  7:11  Tempest  
  67  7:12  Pylon  
  67  7:14  Pylon  
  67  7:18  Stalker  
  67  7:19  Stalker x5  
  83  7:42  Stalker  
  83  7:43  Stalker x3  
  83  7:44  Stalker x2  
  64  8:07  Stalker x2  
  64  8:08  Stalker x3  
  64  8:10  Stalker  
  58  8:25  Mothership Core, Probe  
  61  8:29  Pylon  
  59  8:44  Stalker x2  
  49  9:06  Forge  
  49  9:08  Probe x2  
  51  9:10  Stalker  
  51  9:11  Stalker x5  
  63  9:20  Probe  
  56  9:50  Stalker  
  56  9:51  Stalker x5  
  62  10:17  Stalker x3  
  62  10:18  Stalker x3  
  68  10:21  Probe  
  59  10:40  Zealot  
  59  10:41  Zealot x5  
Tags
 
Composition
MMM Bio
Matchup
PvT
Add a new tag
Caveats
  • Supply blocks, unpowered buildings, or Contaminate may cause inaccurate times.
  • Supply counts are checked every 10 seconds.